 Dungeon Crawl Stone Soup version 0.28-b1-70-g80dc712255 (webtiles) character file.

Game seed: 7571952925351779789

130 pkoi the Firebug (level 4, -5/33 HPs)
             Began as a Draconian Fire Elementalist on Feb 3, 2022.
             Killed by divine providence
             ... invoked by an orc priest
              (14 damage)
             ... on level 3 of the Dungeon.
             The game lasted 00:03:19 (2482 turns).

pkoi the Firebug (Draconian Fire Elementalist)      Turns: 2482, Time: 00:03:20

Health: -5/33      AC:  5    Str: 11    XL:     4   Next: 90%
Magic:  0/7        EV: 12    Int: 23    God:
Gold:   49         SH:  0    Dex: 11    Spells: 6/7 levels left

rFire   + . .      SeeInvis .   f - +0 short sword (protect)
rCold   . . .      Faith    .   (no shield)
rNeg    . . .      Spirit   .   (armour unavailable)
rPois   .          Reflect  .   (helmet restricted)
rElec   .          Harm     .   (no cloak)
rCorr   .          Rampage  .   (no gloves)
Will    .....                   (no boots)
Stlth   ++........              (no amulet)
HPRegen 0.11/turn               h - +6 ring of intelligence
MPRegen 0.10/turn               i - ring of protection from fire

@: no status effects
A: AC +5, unfitting armour, cold-blooded
a: no special abilities


You were on level 3 of the Dungeon.
You visited 1 branch of the dungeon, and saw 3 of its levels.

You collected 49 gold pieces.

Inventory:

Hand Weapons
 a - a +0 whip
 b - a +0 club
 f - a +0 short sword of protection (weapon)
Missiles
 d - 3 poisoned darts
Jewellery
 h - a +6 ring of intelligence (left hand)
 i - a ring of protection from fire (right hand)
Scrolls
 e - 3 scrolls of teleportation {unknown}
 j - 3 scrolls of immolation {unknown}
 k - a scroll of fog {unknown}
 m - a scroll of enchant armour
Potions
 c - a potion of attraction {unknown}
 g - a potion of lignification {unknown}
 l - a potion of magic {unknown}


   Skills:
 - Level 1.9 Dodging
 - Level 2.0 Stealth
 - Level 2.1 Spellcasting
 + Level 3.2 Conjurations
 + Level 4.3 Fire Magic


You had 6 spell levels left.
You knew the following spells:

 Your Spells              Type           Power      Damage    Failure   Level
a - Foxfire               Conj/Fire      76%        2x1d7     2%          1

Your spell library contained the following spells:

 Spells                   Type           Power      Damage    Failure   Level
 Scorch                   Fire           44%        2d7       3%          2
 Conjure Flame            Conj/Fire      19%        6-21      9%          3
 Inner Flame              Hex/Fire       12%        N/A       16%         3
 Flame Wave               Conj/Fire      19%        2d6       26%         4


Dungeon Overview and Level Annotations

Branches:
Dungeon (3/15)

Altars:

Shops:
D:3 *


Innate Abilities, Weirdness & Mutations

Your plain brown scales are hard. (AC +5)
You cannot fit into any form of body armour.
You are cold-blooded and may be slowed by cold attacks.


Message History

You conjure some foxfire!
Unknown command.
You conjure some foxfire!
The foxfire hits the orc priest.
The orc priest is severely wounded.
The foxfire hits the orc priest but does no damage.
The orc priest is severely wounded.
The orc priest looks encouraged for a moment.
Unknown command.
You conjure some foxfire!
The foxfire hits the orc priest.
The orc priest is almost dead.
The foxfire hits the orc but does no damage.
Unknown command.
You are too depleted to draw on your mana recklessly!
Unknown command.
You are too depleted to draw on your mana recklessly!
Unknown command.
You are too depleted to draw on your mana recklessly!
Unknown command.
The foxfire hits the orc.
The orc is severely wounded.
The foxfire hits the orc but does no damage.
The orc is severely wounded.
The orc priest calls down the wrath of Beogh upon you.
Beogh smites you!
Unknown command.
Casting: Foxfire (safe; 2% risk of failure)
Press: ? - help, Q - select action, (/) - cycle Dir - look around, f - activate You conjure some foxfire!
Unknown command.
The foxfire hits the orc.
The orc is almost dead.
The foxfire hits the orc.
You kill the orc!
The orc priest mumbles some strange prayers to Beogh against you.
Beogh smites you!
* * * LOW HITPOINT WARNING * * *
You see here a dart slug corpse.
The orc priest invokes the aid of Beogh against you.
Beogh smites you!
You die...

##### ###########. ....#
####### ##........... ....#
##.....# ##............
....###..###.# #.....)..!....
........####.## #.............
...........#..####.oo..........
....######......@.....o........
....# ####...##.............
....# ###..##........$... ....#
##............... ##<..#
.........#####. ###.#
##.....### .. ......# ## .
###...## .#####........ #....


You could see an orc priest and 2 orcs.

Vanquished Creatures
  Natasha (thrice) (D:2)
  A worm (D:2)
  A dart slug (D:3)
  An orc (D:3)
  4 bats
  5 endoplasms
  3 giant cockroaches (D:1)
  3 goblins (D:1)
  4 hobgoblins
  3 jackals (D:2)
  3 quokkas
  A ball python (D:1)
  4 frilled lizards
  7 kobolds
  6 rats
49 creatures vanquished.

Vanquished Creatures (others)
  163 foxfires
163 creatures vanquished.

Grand Total: 212 creatures vanquished

Notes
Turn   | Place    | Note
-------+----------+-------------------------------------------
     0 | D:1      | pkoi the Draconian Fire Elementalist began the quest for
                  | the Orb.
     0 | D:1      | Reached XP level 1. HP: 14/14 MP: 3/3
   421 | D:1      | Reached XP level 2. HP: 20/20 MP: 1/5
   722 | D:1      | Found a faded altar of an unknown god.
  1076 | D:2      | Reached XP level 3. HP: 24/26 MP: 2/6
  1681 | D:2      | Noticed Natasha
  1703 | D:2      | Killed Natasha
  1886 | D:2      | Reached XP level 4. HP: 33/33 MP: 1/7
  2041 | D:2      | Noticed Natasha
  2047 | D:2      | Killed Natasha
  2048 | D:2      | Reached skill level 4 in Fire Magic
  2125 | D:2      | Noticed Natasha
  2129 | D:2      | Killed Natasha
  2323 | D:3      | Found Johaf's Assorted Antiques.
  2482 | D:3      | Killed from afar by an orc priest

Illustrated notes

Levels and vault maps discovered:
D:1:      roderic_dead_forest, layout_basic, dilly_ecumenical_altar_fadedgnrine,
          minmay_surrounded
D:2:      layout_loops_ring, eino_curves_04, uniq_natasha
D:3:      layout_rooms, mainiacjoe_overflow_concentric_impassable, serial_shops,
          shop, nrook_uturn, uniq_grinder

Skill      XL: |  1  2  3  4 |
---------------+-------------+-----
Stealth        | 2 |  2.0
Conjurations   | 2 3 |  3.2
Fire Magic     | 4 |  4.3
Dodging        | |  1.9
Spellcasting   | |  2.1

Action                   |  1- 3 |  4- 6 || total
-------------------------+-------+-------++-------
Melee: Club              |    15 |       ||    15
       Short sword       |    17 |     2 ||    19
       Tailslap          |     5 |       ||     5
 Cast: Foxfire           |    65 |    31 ||    96
  Use: Scroll            |     2 |       ||     2
 Stab: Sleeping          |     1 |       ||     1
Armor: Skin              |    27 |     1 ||    28
Dodge: Dodged            |    52 |     1 ||    53
